 Dungeon Crawl Stone Soup version 0.29-a0-221-gceb61267dd (webtiles) character file.

Game seed: 8625599281303592166

20674 Azmakalis the Prestidigitator (level 12, -9/74 HPs)
             Began as an Octopode Venom Mage on Feb 26, 2022.
             Was an Elder of Vehumet.
             Mangled by Donald
             ... wielding a +1 demon trident of flaming
              (16 damage)
             ... on level 2 of the Orcish Mines.
             The game lasted 01:01:23 (17579 turns).

Azmakalis the Prestidigitator (OpVM)               Turns: 17579, Time: 01:01:23

Health: -9/74      AC:  1    Str: 13    XL:     12   Next: 82%
Magic:  8/22       EV: 17    Int: 28    God:    Vehumet [****..]
Gold:   1707       SH:  4    Dex: 32    Spells: 6/25 levels left

rFire   + . .      SeeInvis .   n - +12 dagger of the Traitor {freeze, Dex+7}
rCold   . . .      Faith    .   (no shield)
rNeg    . . .      Spirit   .   (helmet restricted)
rPois   +          Reflect  .   (no amulet)
rElec   .          Harm     .   b - +4 ring of slaying
rCorr   .          Rampage  .   m - +6 ring of dexterity
Will    +....                   x - +6 ring of intelligence
Stlth   +++++.....              I - ring "Qiji Onu" {Fire rPois Str+4 Dex+4}
HPRegen 0.22/turn               (no ring)
MPRegen 0.18/turn               (no ring)
                                (no ring)
                                (no ring)

@: about to teleport
A: almost no armour, amphibious, 8 rings, camouflage 1, gelatinous body 1,
(nimble swimmer 1), tentacles, large bone plates 1, agile 1, cold resistance 1,
strong-willed 1, strong 1
a: Renounce Religion


You were on level 2 of the Orcish Mines.
You worshipped Vehumet.
Vehumet was greatly pleased with you.
You visited 3 branches of the dungeon, and saw 15 of its levels.

You collected 1963 gold pieces.
You spent 256 gold pieces at shops.

Inventory:

Hand Weapons
 n - the +12 dagger of the Traitor (weapon) {freeze, Dex+7}
   (You found it on level 4 of the Dungeon)

   It freezes those it strikes, dealing additional cold damage.
   It can also slow down cold-blooded creatures.
   Dex:       It affects your dexterity (+7).
 v - a +4 quarterstaff of chaos
Missiles
 G - 2 curare-tipped darts
Magical Staves
 C - a staff of fire {rF+}
 F - a staff of air {rElec}
Jewellery
 b - a +4 ring of slaying (left tentacle)
 m - a +6 ring of dexterity (right tentacle)
 o - the necklace of Bloodlust {*Rage Will++ Int-3 Slay+6}
   (You found it on level 8 of the Dungeon)

   [amulet of nothing]

   It extends the wearer's berserk rage when killing foes.
   Int:       It affects your intelligence (-3).
   Slay:      It affects your accuracy & damage with ranged weapons and melee
   (+6).
   *Rage:     It berserks you when you make melee attacks (+50% chance).
   Will:      It greatly increases your willpower.
 x - a +6 ring of intelligence (on tentacle)
 I - the ring "Qiji Onu" (on tentacle) {Fire rPois Str+4 Dex+4}
   (You found it on level 9 of the Dungeon)

   [ring of fire]

   It enhances your fire magic.
   Str:       It affects your strength (+4).
   Dex:       It affects your dexterity (+4).
   rF:        It protects you from fire.
   rC:        It makes you vulnerable to cold.
   rPois:     It protects you from poison.
Wands
 k - a wand of charming (9)
 s - a wand of flame (29)
 H - a wand of polymorph (7)
 K - a wand of iceblast (3)
Scrolls
 c - 4 scrolls of enchant weapon
 d - 2 scrolls of enchant armour
 e - 2 scrolls of torment {!r}
 f - 3 scrolls of fog
 g - 2 scrolls of brand weapon
 j - 3 scrolls of magic mapping {!r}
 t - 3 scrolls of teleportation
 w - 2 scrolls of summoning
 y - a scroll of amnesia
 z - 2 scrolls of silence
 B - 3 scrolls of blinking {!r}
 J - a scroll of noise {!r}
Potions
 a - 4 potions of heal wounds
 l - 3 potions of curing
 p - 2 potions of attraction {!q}
 q - 2 potions of flight
 r - 2 potions of mutation {!q}
 u - a potion of berserk rage {unknown}
 A - a potion of brilliance {unknown}
 E - 2 potions of lignification {unknown}


   Skills:
 - Level 4.2 Fighting
 + Level 4.3 Dodging
 - Level 6.0 Stealth
 - Level 7.1 Spellcasting
 - Level 8.1 Conjurations
 - Level 6.0 Hexes
 - Level 1.0 Transmutations
 - Level 8.1 Fire Magic
 - Level 6.6 Air Magic
 - Level 8.3 Poison Magic
 - Level 10.0 Evocations


You had 6 spell levels left.
You knew the following spells:

 Your Spells              Type           Power      Damage    Failure   Level
a - Yara's Violent Unrav  Hex/Tmut       14%        3d7       10%         5
b - Poisonous Vapours     Pois/Air       100%       N/A       1%          2
c - Olgreb's Toxic Radia  Pois           54%        N/A       1%          4
f - Fireball              Conj/Fire      35%        3d15      1%          5
x - Mephitic Cloud        Conj/Pois/Air  52%        N/A       1%          3

Your spell library contained the following spells:

 Spells                   Type           Power      Damage    Failure   Level
 Sting                    Tmut/Pois      100%       1d8       1%          1
 Corpse Rot               Necr/Air       56%        N/A       1%          2
 Iskenderun's Battlesphe  Conj           54%        2d10      1%          5
 Spider Form              Tmut/Pois      36%        N/A       2%          3
 Beastly Appendage        Tmut           30%        N/A       3%          1
 Frozen Ramparts          Ice            20%        1d4       4%          3
 Summon Guardian Golem    Hex/Summ       27%        N/A       4%          3
 Wereblood                Tmut           15%        N/A       5%          2
 Silence                  Hex/Air        22%        N/A       11%         5
 Conjure Ball Lightning   Conj/Air       25%        3x3d7     11%         6
 Summon Lightning Spire   Summ/Air       28%        N/A       14%         4
 Orb of Destruction       Conj           27%        9d9       36%         7
 Ozocubu's Refrigeration  Ice            5%         4d6       100%        7
 Discord                  Hex            22%        N/A       100%        8
 Disjunction              Tloc           5%         N/A       100%        8
 Chain Lightning          Conj/Air       25%        3d34      100%        9
 Animate Armour           Summ/Erth      Unusable   N/A       N/A         4

Dungeon Overview and Level Annotations

Branches:
Dungeon (12/15)            Temple (1/1) D:7            Lair (0/6) D:8
    Orc (2/2) D:12
    Elf: Orc:2

Altars:
Ashenzari
Cheibriados
Dithmenos
Elyvilon
Fedhas
Gozag
Hepliaklqana
Kikubaaqudgha
Makhleb
Nemelex Xobeh
Okawaru
Qazlal
Ru
Sif Muna
Trog
Uskayaw
Vehumet
Wu Jian
Xom
Yredelemnul
Zin
The Shining One

Shops:
D:3 *   D:7 (

Annotations:
Orc:2 Azrael, Donald


Innate Abilities, Weirdness & Mutations

You cannot wear most types of armour.
You are amphibious.
You can wear up to eight rings at the same time.
Your skin changes colour to match your surroundings (Stealth+).
Your rubbery body absorbs attacks. (AC +1, EV +1)
((You are camouflaged when in or above water. (Stealth+)))
You have tentacles for arms and can constrict up to eight enemies at once.
You are partially covered in large bone plates. (SH +4)
You are agile. (Dex +2)
Your flesh is cold resistant. (rC+)
You are strong-willed. (Will+)
Your muscles are strong. (Str +2)


Message History

Donald barely misses you.
An orc comes into view. It is wielding a +0 dagger.
Aim: Donald, wielding a +1 demon trident of flaming, wearing a +1 plate armour of fire resistance and wearing a +0 kite shield (moderately wounded, fast, strong, very poisoned, misshapen and mutated) Poisonous vapours surround Donald!
Donald looks as sick as possible!
The orc shouts!
* * * LOW MAGIC WARNING * * *
You hear a shout!
Donald misses you.
An orc comes into view. It is wielding a +0 dagger.
Donald hits you from afar with a +1 demon trident of flaming!!
Donald burns you.
You take 29 damage, and have 45/74 hp.
MASSIVE DAMAGE!!
You now have 7/22 mp.
Unknown command.
An orc and 2 orc priests come into view.
The orc shouts!
The orc priest shouts!
You hear two shouts!
An orc comes into view. It is wielding a +0 club.
The orc moves out of view.
The orc priest moves out of view.
Donald says, "I hate explosions."
Donald hits you from afar with a +1 demon trident of flaming!!
* * * LOW HITPOINT WARNING * * *
Donald burns you.
* * * LOW HITPOINT WARNING * * *
The orc priest shouts!
You take 33 damage, and have 13/74 hp.
MASSIVE DAMAGE!!
You feel much better.
You hear a shout! x2
Donald closely misses you.
An orc comes into view. It is wielding a +0 war axe.
You regained 25 hp, and now have 38/74 hp.
As you read the scroll of teleportation, it crumbles to dust.
You feel strangely unstable.
Donald hits you from afar with a +1 demon trident of flaming!!
* * * LOW HITPOINT WARNING * * *
Donald burns you.
* * * LOW HITPOINT WARNING * * *
Donald hits you from afar with a +1 demon trident of flaming!
You die...

##### ##...## .....##
###.....#
##..@...###.#####
#....o.o#.......#
##..@..#o.o.......
##...#oo..........
##..................
##................... #
###.........†.#........
##
##....#.................
.##
#....##..................


You could see Donald (fast, strong, extremely poisoned, misshapen), 2 orc
priests and 4 orcs.

Levels and vault maps discovered:
D:1:      psy_arrival_radial02, layout_basic
D:2:      layout_rooms
D:3:      minmay_octagon_keep, layout_rooms, serial_shops,
          nicolae_shop_hallway_stairs, minmay_misc_feat_roman, minmay_bisected
D:4:      layout_cave_pools, nicolae_vehumet_radiance, ebering_ghost_sewer_d,
          uniq_robin
D:5:      layout_cave_pods, grunt_temple_overflow_open, serial_column_ruins,
          column_ruins_temple_hall, column_ruins_hut_ruined,
          column_ruins_open_small, column_ruins_open_small, column_ruins_grid_1,
          column_ruins_corridor_corner, column_ruins_open_tiny
D:6:      layout_rooms, gammafunk_ghost_grave, uniq_crazy_yiuf_cottage
D:7:      layout_gridville, mainiacjoe_overflow_cross_hatched,
          minmay_temple_entry_glass, serial_shops, nicolae_shop_crystal,
          centaur_isle
D:8:      black_bear_nest_2, layout_loops_ring, lair_entry_dummy,
          hellmonk_guarded_unrand_vitality_bloodlust
D:9:      layout_cave_pods, amcnicky_altar_gilded, gammafunk_ghost_icy,
          minmay_diced_spiral
D:10:     layout_loops_corners, yredelemnul_forgotten_temple_becter,
          lightli_temple_of_fire, minmay_beelzebubs_servants
D:11:     layout_roguey
D:12:     layout_basic, david_orc_4
Temple:   dpeg_chambers_temple
Orc:1:    layout_caves
Orc:2:    st_orc_pillars, layout_caves, ebering_ghost_rock_garden, uniq_donald,
          uniq_azrael

Notes
Turn   | Place    | Note
-------+----------+-------------------------------------------
     0 | D:1      | Azmakalis the Octopode Venom Mage began the quest for the
                  | Orb.
     0 | D:1      | Reached XP level 1. HP: 11/11 MP: 3/3
   106 | D:1      | Identified a +4 ring of slaying
   122 | D:1      | Identified a +0 short sword
   159 | D:1      | Reached skill level 4 in Poison Magic
   380 | D:1      | Identified a +0 dagger
   424 | D:1      | Identified a +0 dagger
   456 | D:1      | Identified a +0 club
   464 | D:1      | Reached XP level 2. HP: 17/17 MP: 5/5
   467 | D:1      | Learned a level 2 spell: Poisonous Vapours
   536 | D:1      | Identified a +0 dagger
   729 | D:1      | Identified a +0 leather armour
   745 | D:1      | Reached skill level 5 in Poison Magic
   745 | D:1      | Reached XP level 3. HP: 20/21 MP: 1/6
   749 | D:1      | Learned a level 3 spell: Mephitic Cloud
  1318 | D:2      | Identified a +0 dagger
  1389 | D:2      | Identified a +0 dagger
  1394 | D:2      | Identified a +0 whip
  1396 | D:2      | Identified a +0 whip
  1397 | D:2      | Identified a +0 spear
  1436 | D:1      | Reached XP level 4. HP: 16/27 MP: 2/7
  1643 | D:2      | Identified a +0 whip
  1650 | D:2      | Reached skill level 6 in Poison Magic
  1770 | D:2      | Identified 4 scrolls of identify
  1770 | D:2      | Identified 3 scrolls of fog
  2019 | D:3      | Identified a +0 dagger
  2081 | D:3      | Found Onnaggas's Assorted Antiques.
  2084 | D:3      | Bought a scroll labelled HETZEFUXKA for 32 gold pieces
  2130 | D:3      | Identified a +0 dagger
  2137 | D:3      | Identified a +0 club
  2145 | D:3      | Reached XP level 5. HP: 30/31 MP: 3/8
  2366 | D:3      | Identified 2 scrolls of blinking
  2367 | D:3      | Identified 2 potions of heal wounds
  2474 | D:3      | Identified a +0 flail
  2474 | D:3      | Identified a +0 short sword
  2477 | D:3      | Identified a +0 whip
  2558 | D:3      | Got the Tome of the Creative Glacier
  2558 | D:3      | Identified a +0 flail
  2558 | D:3      | Identified a +0 leather armour
  2724 | D:3      | Identified a +0 dagger
  2755 | D:4      | Found a radiant altar of Vehumet.
  2756 | D:4      | Identified a +6 ring of dexterity
  2756 | D:4      | You fall into a shaft and drop 2 floors!
  2756 | D:6      | Identified a +0 trident
  2781 | D:5      | Entered Level 5 of the Dungeon
  2782 | D:5      | HP: 4/31 [scorpion (8)]
  2785 | D:5      | Reached skill level 7 in Poison Magic
  3083 | D:5      | Identified a +0 dagger
  3135 | D:4      | Became a worshipper of Vehumet
  3145 | D:4      | Identified the +12 dagger of the Traitor {freeze, Dex+7}
  3149 | D:4      | Identified a potion of cancellation
  3172 | D:4      | Found a runed translucent door.
  3179 | D:4      | Noticed Execuda's ghost (amateur MiFE)
  3197 | D:4      | Identified a +0 dagger
  3197 | D:4      | Identified a +0 club
  3197 | D:4      | Identified a +0 dagger
  3198 | D:4      | Identified a +0 club
  3198 | D:4      | Identified a +0 hunting sling
  3198 | D:4      | Identified a +0 club
  3198 | D:4      | Identified a +0 club
  3198 | D:4      | Identified a +0 animal skin
  3198 | D:4      | Identified a +0 helmet
  3198 | D:4      | Noticed Robin
  3198 | D:4      | Identified a +0 club
  3199 | D:4      | Identified a +0 club
  3201 | D:4      | Identified a +0 dagger
  3206 | D:4      | Killed Robin
  3419 | D:4      | Identified a +0 robe
  3425 | D:4      | Reached XP level 6. HP: 31/36 MP: 4/9
  3450 | D:4      | Reached skill level 8 in Poison Magic
  3566 | D:4      | Identified a +0 whip
  3569 | D:4      | Identified a +0 spear
  3569 | D:4      | Identified a +0 whip
  3570 | D:4      | Identified a +0 club
  3639 | D:4      | Identified a +0 dagger
  3639 | D:4      | Identified a +0 hunting sling
  3719 | D:4      | Identified a +0 dagger
  3886 | D:4      | Identified a +0 scale mail
  3914 | D:4      | Identified a +0 dagger
  3914 | D:4      | Identified a +0 hunting sling
  4110 | D:5      | Reached skill level 3 in Spellcasting
  4115 | D:5      | Learned a level 4 spell: Olgreb's Toxic Radiance
  4309 | D:5      | Found a hazy altar of Hepliaklqana.
  4312 | D:5      | Found a glowing silver altar of Zin.
  4314 | D:5      | Found a burning altar of Makhleb.
  4325 | D:5      | Reached * piety under Vehumet
  4325 | D:5      | Offered knowledge of Freeze by Vehumet.
  4378 | D:5      | Identified a +0 giant spiked club
  4411 | D:5      | Reached skill level 4 in Spellcasting
  4411 | D:5      | Reached XP level 7. HP: 41/41 MP: 4/13
  4414 | D:5      | Reached skill level 1 in Conjurations
  4532 | D:5      | Reached skill level 2 in Conjurations
  4649 | D:5      | Identified a +0 giant spiked club
  4691 | D:5      | Reached skill level 3 in Conjurations
  5016 | D:5      | Identified a +4 spear
  5092 | D:5      | Reached skill level 4 in Conjurations
  5092 | D:5      | Reached XP level 8. HP: 46/46 MP: 7/14
  5096 | D:5      | Reached skill level 2 in Air Magic
  5142 | D:5      | Identified a +0 club
  5202 | D:5      | Found a faded altar of an unknown god.
  5210 | D:5      | Identified 2 scrolls of magic mapping
  5211 | D:5      | Identified 2 potions of mutation
  5212 | D:5      | Gained mutation: You are agile. (Dex +2) [potion of
                  | mutation]
  5212 | D:5      | Lost mutation: You are agile. (Dex +2) [potion of mutation]
  5212 | D:5      | Gained mutation: You sometimes lose the ability to read
                  | scrolls when taking damage. [potion of mutation]
  5213 | D:5      | Lost mutation: You sometimes lose the ability to read
                  | scrolls when taking damage. [potion of mutation]
  5213 | D:5      | Gained mutation: Your muscles are strong. (Str +2) [potion
                  | of mutation]
  5213 | D:5      | Gained mutation: You are partially covered in large bone
                  | plates. (SH +4) [potion of mutation]
  5213 | D:5      | Gained mutation: You have hidden genetic potential. [potion
                  | of mutation]
  5213 | D:5      | Gained mutation: You are strong-willed. (Will+) [potion of
                  | mutation]
  5472 | D:5      | Identified a scroll of enchant weapon
  5588 | D:6      | Reached skill level 3 in Air Magic
  5691 | D:6      | Identified a +0 giant club
  5691 | D:6      | Identified a +0 dire flail
  5691 | D:6      | Noticed a two-headed ogre
  5712 | D:6      | Killed a two-headed ogre
  5713 | D:6      | Reached skill level 6 in Air Magic
  5810 | D:6      | Reached XP level 9. HP: 51/51 MP: 10/15
  5928 | D:6      | Reached skill level 5 in Conjurations
  5953 | D:6      | Identified a +0 spear
  5953 | D:6      | Identified a +0 halberd
  5955 | D:6      | Identified a +0 whip
  5955 | D:6      | Identified a +0 robe
  5955 | D:6      | Identified a +0 flail
  5958 | D:6      | Identified a +0 spear
  5963 | D:6      | Identified a +0 club
  5964 | D:6      | Identified a +0 club
  5970 | D:6      | Gained mutation: Your flesh is cold resistant. (rC+)
                  | [hidden potential]
  6132 | D:6      | Found a runed translucent door.
  6133 | D:6      | Identified a +4 quarterstaff of chaos
  6133 | D:6      | Identified a +0 cloak
  6133 | D:6      | Noticed Crazy Yiuf
  6143 | D:6      | Killed Crazy Yiuf
  6263 | D:6      | Reached skill level 6 in Conjurations
  6373 | D:6      | Found a runed translucent door.
  6374 | D:6      | Noticed paps's ghost (novice OpFi)
  6436 | D:4      | Killed Execuda's ghost
  6461 | D:3      | Bought a potion of heal wounds for 160 gold pieces
  6461 | D:3      | Bought a scroll labelled INOKHU NOZ FUU for 32 gold pieces
  6461 | D:3      | Bought a scroll labelled UJOS RUNE for 32 gold pieces
  6475 | D:3      | Identified 2 scrolls of brand weapon
  6608 | D:4      | Identified a +0 falchion
  6677 | D:7      | Identified a +0 shortbow
  6677 | D:7      | Identified a +0 shortbow
  6677 | D:7      | Identified a +0 giant club
  6678 | D:7      | Identified a +0 shortbow
  6692 | D:7      | Identified a +0 battleaxe
  6692 | D:7      | Identified a +0 plate armour
  6697 | D:7      | Identified a +0 club
  6697 | D:7      | Identified a +0 leather armour
  6698 | D:7      | Identified a +0 dagger
  6699 | D:7      | Identified a +3 dagger
  6699 | D:7      | Identified a +0 robe
  6703 | D:7      | Reached skill level 7 in Conjurations
  6704 | D:7      | Identified a +4 halberd
  6704 | D:7      | Identified a +0 robe
  6708 | D:6      | Offered knowledge of Shock by Vehumet.
  6769 | D:7      | Identified a +1 trident
  6769 | D:7      | Identified a +0 robe
  6777 | D:7      | Identified a +0 shortbow
  6778 | D:7      | Identified a +0 shortbow
  6945 | D:7      | Identified a +0 shortbow
  7001 | D:7      | Reached ** piety under Vehumet
  7002 | D:7      | Reached skill level 8 in Conjurations
  7154 | D:7      | HP: 1/51 [centaur/arrow (13)]
  7645 | D:7      | Reached skill level 5 in Spellcasting
  7808 | D:7      | Identified a +0 dagger
  7808 | D:7      | Identified a +0 robe
  7811 | D:7      | Identified a +0 war axe
  7814 | D:7      | Identified a +0 flail
  7814 | D:7      | Identified a +0 plate armour
  7846 | D:7      | Identified +0 steam dragon scales
  7847 | D:7      | Reached skill level 6 in Spellcasting
  7847 | D:7      | Reached XP level 10. HP: 56/56 MP: 4/19
  8002 | D:7      | Found a staircase to the Ecumenical Temple.
  8012 | D:7      | Gained mutation: You are agile. (Dex +2) [hidden potential]
  8012 | D:7      | Lost mutation: You have hidden genetic potential. [hidden
                  | potential expressed]
  8377 | D:7      | Reached skill level 7 in Spellcasting
  8386 | D:7      | Found Fasaw's Weapon Shoppe.
  8399 | D:7      | Learned a level 5 spell: Fireball
  8543 | D:7      | Identified a +0 pair of boots
  8592 | D:7      | Found a shimmering blue altar of Sif Muna.
  8881 | D:8      | Identified a +0 club
  8882 | D:8      | Identified a +0 dagger
  8882 | D:8      | Identified a +0 leather armour
  8884 | D:8      | Identified a +0 long sword
  8884 | D:8      | Identified a +0 plate armour
  8888 | D:8      | Reached skill level 1 in Fire Magic
  8930 | D:8      | Identified a +0 dagger
  8930 | D:8      | Identified a +0 robe
  8930 | D:8      | Identified a +6 ring of intelligence
  9008 | D:8      | Found a staircase to the Lair.
  9010 | D:8      | Identified a potion of attraction
  9103 | D:8      | Identified a +0 shortbow
  9118 | D:8      | Reached skill level 2 in Fire Magic
  9160 | D:8      | Identified a +2 war axe
  9160 | D:8      | Identified a +0 robe
  9166 | D:8      | Offered knowledge of Dazzling Flash by Vehumet.
  9169 | D:8      | Identified 2 scrolls of teleportation
  9172 | D:8      | Identified a +5 flail
  9172 | D:8      | Identified a +0 robe
  9269 | D:8      | Identified a +0 shortbow
  9283 | D:8      | Reached skill level 3 in Fire Magic
  9363 | D:8      | Identified a +0 glaive
  9374 | D:8      | Found the necklace of Bloodlust {*Rage Will++ Int-3 Slay+6}
  9423 | D:8      | Identified a +0 spear
  9423 | D:8      | Identified a +0 ring mail
  9423 | D:8      | Identified a +0 spear
  9425 | D:8      | Identified a +0 flail
  9425 | D:8      | Identified a +0 spear
  9425 | D:8      | Identified a +2 spear
  9425 | D:8      | Identified a +0 robe
 10329 | D:6      | Killed paps's ghost
 10330 | D:6      | Reached skill level 4 in Fire Magic
 10369 | Temple   | Entered the Ecumenical Temple
 10692 | D:9      | Identified a scroll of enchant armour
 10693 | D:9      | Found an ornate altar of the Wu Jian Council.
 10710 | D:9      | Reached skill level 5 in Fire Magic
 10721 | D:9      | Reached skill level 6 in Fire Magic
 10986 | D:9      | Noticed a boulder beetle
 10998 | D:9      | Killed a boulder beetle
 10999 | D:9      | Reached skill level 7 in Fire Magic
 11064 | D:9      | Identified 2 scrolls of silence
 11072 | D:9      | Identified a +0 dagger
 11072 | D:9      | Identified a +0 robe
 11072 | D:9      | Identified a +0 whip
 11073 | D:9      | Identified a +0 whip
 11079 | D:9      | Identified a +0 club
 11081 | D:9      | Identified a +0 falchion of holy wrath
 11081 | D:9      | Identified a +0 leather armour
 11154 | D:9      | Reached XP level 11. HP: 61/61 MP: 11/21
 11155 | D:9      | Reached skill level 8 in Fire Magic
 11308 | D:9      | Noticed Necrophagist's ghost (journeyman DjFE)
 11357 | D:9      | Identified a +0 club
 11357 | D:9      | Identified a +0 hand crossbow
 11358 | D:9      | Identified a +0 club
 11360 | D:9      | Identified a +0 dagger
 11361 | D:9      | Identified a +0 short sword
 11361 | D:9      | Identified a +0 club
 11362 | D:9      | Reached *** piety under Vehumet
 11367 | D:9      | Reached skill level 1 in Evocations
 11379 | D:9      | Identified a +0 dagger
 11379 | D:9      | Identified a +0 dagger
 11380 | D:9      | Identified a +0 club
 11381 | D:9      | Identified a +0 whip
 11382 | D:9      | Identified a +0 whip
 11384 | D:9      | Identified a +0 dagger
 11384 | D:9      | Identified a +0 robe
 11396 | D:9      | Reached skill level 2 in Evocations
 11397 | D:9      | Identified a +0 short sword
 11411 | D:9      | HP: 15/61 [kobold brigand/+0 short sword (7)]
 11422 | D:9      | Identified a +0 shortbow
 11422 | D:9      | Identified a +0 robe
 11429 | D:9      | HP: 15/61 [centaur (4)]
 11637 | D:9      | Reached skill level 3 in Evocations
 11702 | D:9      | Identified a +0 war axe
 11702 | D:9      | Identified a +0 plate armour
 11899 | D:9      | Identified a +0 dagger
 11935 | D:9      | Identified a +0 hand axe
 11935 | D:9      | Identified a +0 chain mail
 11935 | D:9      | Identified a +0 whip
 11935 | D:9      | Identified a +0 leather armour
 11935 | D:9      | Identified a +0 dagger
 11935 | D:9      | Identified a +0 robe
 11939 | D:9      | Identified a +0 whip
 11987 | D:9      | Identified a +0 short sword
 11987 | D:9      | Identified a +0 ring mail
 11988 | D:9      | Identified a +0 hand axe
 11988 | D:9      | Identified a +0 flail
 11992 | D:9      | Identified a +0 leather armour
 11993 | D:9      | Offered knowledge of Airstrike by Vehumet.
 12102 | D:9      | Found a runed translucent gate.
 12102 | D:9      | Found a runed translucent gate.
 12102 | D:9      | Found a runed translucent gate.
 12466 | D:9      | Identified a +0 war axe
 12530 | D:9      | Reached skill level 4 in Evocations
 12545 | D:9      | Got the ring "Qiji Onu" {Fire rPois Str+4 Dex+4}
 12566 | D:9      | Identified a potion of might
 12572 | D:9      | Killed Necrophagist's ghost
 12573 | D:9      | Reached skill level 5 in Evocations
 12739 | D:10     | Entered Level 10 of the Dungeon
 12749 | D:10     | Identified a +0 vampiric hand axe
 12749 | D:10     | Identified a +0 scale mail
 12751 | D:10     | Identified a +0 mace
 12751 | D:10     | Identified a +0 plate armour
 12753 | D:10     | Identified a +0 dagger
 12753 | D:10     | Identified a +0 robe
 12845 | D:10     | Reached skill level 6 in Evocations
 12846 | D:10     | Identified a +0 trident
 12934 | D:10     | Identified a +0 robe
 12968 | D:10     | Reached skill level 7 in Evocations
 12982 | D:10     | Identified a potion of flight
 13156 | D:10     | Found a basalt altar of Yredelemnul.
 13208 | D:10     | Identified a +0 whip
 13356 | D:10     | Identified a +2 dire flail of protection
 13356 | D:10     | Identified a +0 dire flail
 13356 | D:10     | Noticed a two-headed ogre
 13377 | D:10     | Killed a two-headed ogre
 13378 | D:10     | Reached skill level 8 in Evocations
 13536 | D:10     | Identified a +0 dagger
 13536 | D:10     | Identified a +0 robe
 13538 | D:10     | Identified a +0 hand axe
 13539 | D:10     | Identified a +0 dagger
 13539 | D:10     | Identified a +0 robe
 13539 | D:10     | Identified a +0 dagger
 13539 | D:10     | Identified a +0 robe
 13600 | D:10     | Identified the +5 plate armour of Ofrih {rF+ Str+3 Int+2}
 13754 | D:10     | Got Sif Muna's Collected Works on Floating Creation
 13771 | D:10     | Found a bloodstained altar of Trog.
 13820 | D:10     | Identified a +0 giant club
 13820 | D:10     | Identified a +0 giant club
 13820 | D:10     | Noticed a two-headed ogre
 13850 | D:10     | Killed a two-headed ogre
 14024 | D:11     | Identified a +0 dagger
 14024 | D:11     | Identified a +0 robe
 14030 | D:11     | Reached skill level 9 in Evocations
 14105 | D:11     | Identified a +0 giant club
 14105 | D:11     | Identified a +0 giant club
 14105 | D:11     | Noticed a two-headed ogre
 14125 | D:11     | Identified a +0 halberd
 14129 | D:11     | Killed a two-headed ogre
 14159 | D:11     | Reached skill level 10 in Evocations
 14264 | D:11     | Identified a +0 flail
 14264 | D:11     | Identified a +0 plate armour
 14264 | D:11     | Identified a +0 club
 14264 | D:11     | Identified a +0 dagger
 14264 | D:11     | Identified a +0 ring mail
 14264 | D:11     | Identified a +0 short sword
 14264 | D:11     | Identified a +0 leather armour
 14264 | D:11     | Identified a +0 hand axe
 14264 | D:11     | Identified a +0 leather armour
 14264 | D:11     | Identified a +0 club
 14264 | D:11     | Identified a +0 scale mail
 14264 | D:11     | Identified a +0 dagger
 14264 | D:11     | Identified a +0 robe
 14264 | D:11     | Identified a +0 falchion
 14264 | D:11     | Identified a +0 leather armour
 14266 | D:11     | Identified a +0 whip
 14266 | D:11     | Identified a +0 leather armour
 14267 | D:11     | Reached **** piety under Vehumet
 14270 | D:11     | Offered knowledge of Yara's Violent Unravelling by Vehumet.
 14277 | D:11     | Learned a level 5 spell: Yara's Violent Unravelling
 14539 | D:11     | Reached skill level 1 in Hexes
 14539 | D:11     | Reached XP level 12. HP: 52/66 MP: 20/22
 14612 | D:11     | Identified a +0 hand crossbow
 14735 | D:12     | Identified a +0 war axe
 14737 | D:12     | Identified a +0 short sword
 14737 | D:12     | Identified a +0 club
 14737 | D:12     | Identified a +0 ring mail
 14738 | D:12     | Identified a +0 long sword
 14738 | D:12     | Identified a +0 chain mail
 14742 | D:12     | Identified a +0 troll leather armour
 14743 | D:12     | Reached skill level 2 in Hexes
 14745 | D:12     | Identified a +0 hand axe
 14745 | D:12     | Identified a +0 morningstar
 14746 | D:12     | Identified a +0 glaive
 14746 | D:12     | Identified a +0 plate armour
 14747 | D:12     | Identified a +1 vampiric hand axe
 14748 | D:12     | Identified a +0 hand axe
 14749 | D:12     | Identified a +0 club
 14750 | D:12     | Identified a +0 whip
 14751 | D:12     | Identified a +0 mace
 14751 | D:12     | Identified a +0 scale mail
 14752 | D:12     | Identified a +0 club
 14752 | D:12     | Identified a +0 halberd
 14752 | D:12     | Identified a +0 chain mail
 14754 | D:12     | Identified a +0 falchion
 14754 | D:12     | Identified a +0 leather armour
 14755 | D:12     | Identified a +0 halberd
 14755 | D:12     | Identified a +0 plate armour
 14756 | D:12     | Identified a +0 hand axe
 14756 | D:12     | Identified a +0 leather armour
 14761 | D:12     | Reached skill level 3 in Hexes
 14906 | D:12     | Identified a +0 ring mail
 15024 | D:12     | Reached skill level 4 in Hexes
 15064 | D:12     | Identified 2 scrolls of torment
 15195 | D:12     | Reached skill level 5 in Hexes
 15295 | D:12     | Found a staircase to the Orcish Mines.
 15479 | D:12     | Identified a +0 hunting sling of flaming
 15495 | D:12     | Identified a +0 giant spiked club
 15495 | D:12     | Identified a +0 giant spiked club
 15495 | D:12     | Noticed a two-headed ogre
 15495 | D:12     | Identified a +0 dagger
 15495 | D:12     | Identified a +0 robe
 15495 | D:12     | Identified a +0 falchion
 15495 | D:12     | Identified a +0 dagger
 15495 | D:12     | Identified a +0 ring mail
 15514 | D:12     | Killed a two-headed ogre
 15589 | D:12     | Identified a scroll of noise
 15625 | D:12     | Identified a +0 mace
 15650 | D:11     | Reached skill level 6 in Hexes
 15723 | D:12     | Reached skill level 3 in Stealth
 15881 | Orc:1    | Entered Level 1 of the Orcish Mines
 15881 | Orc:1    | Identified a +0 dagger
 15881 | Orc:1    | Identified a +0 robe
 15881 | Orc:1    | Identified a +0 whip
 15882 | Orc:1    | Identified a +2 vampiric glaive
 15882 | Orc:1    | Identified a +0 plate armour
 15882 | Orc:1    | Identified a +0 short sword
 15882 | Orc:1    | Identified a +0 leather armour
 15883 | Orc:1    | Identified a +0 dagger
 15883 | Orc:1    | Identified a +0 robe
 15883 | Orc:1    | Identified a +0 dagger
 15883 | Orc:1    | Identified a +0 robe
 15890 | Orc:1    | Reached skill level 4 in Stealth
 15900 | Orc:1    | Reached skill level 5 in Stealth
 15903 | Orc:1    | Identified a +0 halberd
 15903 | Orc:1    | Identified a +0 plate armour
 15909 | Orc:1    | Identified a +0 mace
 15909 | Orc:1    | Identified a +0 chain mail
 15909 | Orc:1    | Identified a +0 dagger
 15909 | Orc:1    | Identified a +0 robe
 15911 | Orc:1    | Identified a +0 hand axe
 15914 | Orc:1    | Identified a +0 mace
 15914 | Orc:1    | Identified a +0 club
 15914 | Orc:1    | Identified a +0 whip
 15914 | Orc:1    | Identified a +0 leather armour
 15915 | Orc:1    | Identified a +0 flail
 15915 | Orc:1    | Identified a +0 chain mail
 15915 | Orc:1    | Identified a +0 dagger
 15915 | Orc:1    | Identified a +0 robe
 15916 | Orc:1    | Identified a +0 flail
 15916 | Orc:1    | Identified a +0 chain mail
 15922 | D:12     | Reached skill level 6 in Stealth
 16007 | Orc:1    | Identified a +0 club
 16007 | Orc:1    | Identified a +0 chain mail
 16008 | Orc:1    | Identified a +0 club
 16014 | Orc:1    | Reached skill level 1 in Fighting
 16249 | Orc:2    | Entered Level 2 of the Orcish Mines
 16256 | Orc:2    | Identified a +0 giant club
 16261 | Orc:2    | Identified a +0 giant spiked club
 16385 | Orc:2    | Identified a +0 dagger of speed
 16385 | Orc:2    | Identified a +0 leather armour
 16386 | Orc:2    | Identified a +0 hand axe
 16386 | Orc:2    | Identified a +0 plate armour
 16388 | Orc:2    | Identified a +2 dagger of venom
 16388 | Orc:2    | Identified a +2 robe of fire resistance
 16388 | Orc:2    | Identified a +0 vampiric dagger
 16388 | Orc:2    | Identified a +0 leather armour
 16388 | Orc:2    | Identified a +0 short sword
 16409 | Orc:2    | Reached skill level 2 in Fighting
 16536 | Orc:1    | Identified a +0 giant spiked club
 16536 | Orc:1    | Identified a +0 scimitar
 16536 | Orc:1    | Identified a +0 chain mail
 16536 | Orc:1    | Identified a +0 club
 16536 | Orc:1    | Identified a +0 whip
 16538 | Orc:1    | Reached skill level 3 in Fighting
 16604 | Orc:1    | Identified a +0 giant club
 16713 | Orc:1    | Identified a +0 giant spiked club
 16725 | Orc:1    | Reached skill level 4 in Fighting
 16820 | Orc:1    | Identified a +0 dagger
 16820 | Orc:1    | Identified a +2 robe of positive energy
 16821 | Orc:1    | Identified a +0 short sword
 16821 | Orc:1    | Identified a +0 chain mail
 16822 | Orc:1    | Identified a +0 hand axe
 16822 | Orc:1    | Identified a +0 short sword
 16822 | Orc:1    | Identified a +0 ring mail
 16824 | Orc:1    | Identified a +2 dagger of flaming
 16824 | Orc:1    | Identified a +0 robe
 17029 | Orc:2    | Identified a +3 scimitar of flaming
 17029 | Orc:2    | Noticed Azrael
 17226 | Orc:2    | Found a runed translucent gate.
 17228 | Orc:2    | Found a runed translucent gate.
 17310 | Orc:2    | Found a runed translucent gate.
 17315 | Orc:2    | Noticed raistware's ghost (journeyman HuEE)
 17361 | Orc:2    | Killed raistware's ghost
 17362 | Orc:2    | Reached skill level 3 in Dodging
 17512 | Orc:2    | Reached skill level 4 in Dodging
 17553 | Orc:2    | Identified a +1 demon trident of flaming
 17553 | Orc:2    | Identified a +1 plate armour of fire resistance
 17553 | Orc:2    | Identified a +0 kite shield
 17553 | Orc:2    | Noticed Donald
 17570 | Orc:2    | Identified a +0 giant spiked club
 17570 | Orc:2    | Identified a +0 giant club
 17570 | Orc:2    | Noticed a two-headed ogre
 17573 | Orc:2    | Identified a +0 dagger
 17573 | Orc:2    | Identified a +0 chain mail
 17574 | Orc:2    | Identified a +0 dagger
 17575 | Orc:2    | Identified a +0 dagger
 17576 | Orc:2    | Identified a +0 short sword
 17576 | Orc:2    | Identified a +0 dagger
 17576 | Orc:2    | Identified a +0 morningstar
 17576 | Orc:2    | Identified a +0 club
 17577 | Orc:2    | HP: 17/74 [Donald/+1 demon trident of flaming (29)]
 17578 | Orc:2    | Identified a +0 war axe
 17578 | Orc:2    | Identified a +0 chain mail
 17579 | Orc:2    | HP: 8/74 [Donald/+1 demon trident of flaming (30)]
 17579 | Orc:2    | Mangled by Donald

Table legend: (Time is in decaauts)
 A = Elapsed time spent in this place.
 B = Non-inter-level travel time spent in this place.
 C = Inter-level travel time spent in this place.
 D = Time resting spent in this place.
 E = Time spent auto-exploring this place.
 F = Levels seen in this place.
 G = Mean time per level.
                   A        B        C        D        E       F      G
               +--------+--------+--------+--------+--------+-----+--------+
         Total |  17611 |  16791 |    820 |   2627 |  11184 |  15 | 1174.1 |
       Dungeon |  15705 |  14929 |    776 |   2510 |  10014 |  12 | 1308.8 |
        Temple |    295 |    272 |     23 |      0 |    259 |   1 |  295.0 |
  Orcish Mines |   1611 |   1590 |     21 |    117 |    911 |   2 |  805.5 |
               +--------+--------+--------+--------+--------+-----+--------+

Top non-repeatable levels by time:
     D:7: 2068 daAuts
     D:9: 2040 daAuts
     D:5: 2019 daAuts
     D:1: 1405 daAuts
    D:10: 1234 daAuts
     D:8: 1206 daAuts
     D:6: 1184 daAuts
     D:3: 1146 daAuts
    D:12: 1103 daAuts
    D:11: 895 daAuts
   Orc:2: 865 daAuts
     D:4: 839 daAuts
   Orc:1: 745 daAuts
     D:2: 559 daAuts
  Temple: 295 daAuts

Table legend:
 A = Kills in this place as a percentage of kills in entire the game.
 B = Kills by you in this place as a percentage of kills by you in the entire game.
 C = Kills by friends in this place as a percentage of kills by friends in the entire game.
 D = Other kills in this place as a percentage of other kills in the entire game.
 E = Experience gained in this place as a percentage of experience gained in the entire game.
 F = Experience gained in this place divided by the number of levels of this place that you have seen.
                   A       B       C       D       E      F
               +-------+-------+-------+-------+-------+----------------------
         Total | 100.0 | 100.0 |   N/A | 100.0 | 100.0 | 1969.0
       Dungeon |  86.9 |  86.7 |   N/A | 100.0 |  79.3 | 1951.6
  Orcish Mines |  13.1 |  13.3 |   N/A |   0.0 |  20.7 | 3058.0
               +-------+-------+-------+-------+-------+----------------------

Skill      XL: |  1  2  3  4  5  6  7  8  9 10 11 12 |
---------------+-------------------------------------+-----
Poison Magic   | 4 5 6 7 8 |  8.3
Spellcasting   | 4 6 7 |  7.1
Conjurations   | 4 8 |  8.1
Air Magic      | 6 |  6.6
Fire Magic     | 7 8 |  8.1
Evocations     | 10 | 10.0
Hexes          | 1 6 |  6.0
Stealth        | 6 |  6.0
Fighting       | 4 |  4.2
Dodging        | 4 |  4.3
Transmutations | |  1.0

Action                   |  1- 3 |  4- 6 |  7- 9 | 10-12 || total
-------------------------+-------+-------+-------+-------++-------
Melee: Short sword       |    31 |     6 |       |       ||    37
       Unarmed           |     2 |       |       |       ||     2
       Constrict         |     7 |    11 |     9 |    28 ||    55
       Tentacles         |     6 |    10 |    10 |    34 ||    60
       Spear             |       |    58 |       |       ||    58
       Dagger            |       |    35 |    47 |   152 ||   234
       Punch             |       |     1 |     1 |     2 ||     4
 Cast: Sting             |     5 |       |       |       ||     5
       Poisonous Vapours |    10 |    40 |    65 |   107 ||   222
       Olgreb's Toxic Ra |       |     1 |     6 |    30 ||    37
       Mephitic Cloud    |       |       |     6 |    11 ||    17
       Fireball          |       |       |       |    30 ||    30
       Yara's Violent Un |       |       |       |     1 ||     1
Evoke: Wand              |       |       |       |    18 ||    18
  Use: Scroll            |       |     4 |     4 |    12 ||    20
       Potion            |       |       |     2 |     4 ||     6
 Stab: Sleeping          |     9 |     6 |       |     4 ||    19
       Distracted        |     1 |     2 |       |     1 ||     4
       Confused          |       |       |     2 |     7 ||     9
Armor: Skin              |       |     9 |     3 |     6 ||    18
Dodge: Dodged            |     8 |    48 |    23 |    74 ||   153
Block: Other             |       |       |     8 |    21 ||    29

Vanquished Creatures
  A boulder beetle (D:9)
  The ghost of raistware the Geomancer, a journeyman HuEE of Vehumet (Orc:2)
  The ghost of Necrophagist the Nimble, a journeyman DjFE of Makhleb (D:9)
  5 two-headed ogres
  2 orc sorcerers
  The ghost of paps the Cutter, a novice OpFi (D:6)
  An ugly thing (D:12)
  3 cyclopes
  3 orange demons (D:10)
  A gargoyle (D:11)
  A kobold demonologist (D:11)
  A komodo dragon (D:10)
  The ghost of Execuda the Skirmisher, an amateur MiFE (D:4)
  A red devil (D:10)
  5 trolls
  A wyvern (D:11)
  10 yaks
  A fire elemental (Orc:2)
  3 steam dragons
  6 vampire mosquitoes
  2 wargs (Orc:2)
  2 hell hounds (Orc:2)
  An acid dragon (D:10)
  18 orc warriors
  2 black bears
  2 necrophages
  2 ice beasts (D:9)
  8 ogres
  9 centaurs
  4 kobold brigands (D:9)
  A gnoll sergeant (D:8)
  2 bullfrogs
  8 scorpions
  4 killer bees (D:7)
  6 wights
  4 howler monkeys (D:7)
  2 jellies
  A gnoll shaman (D:6)
  16 orc priests
  Crazy Yiuf (D:6)
  4 hounds
  4 iguanas
  17 orc wizards
  A centaur simulacrum (D:9)
  Robin (D:4)
  15 gnolls
  6 adders
  2 shadow imps
  2 white imps (D:9)
  A howler monkey simulacrum (D:9)
  An ufetubus (D:4)
  A worm (D:3)
  A dart slug (D:4)
  42 orcs
  12 endoplasms
  2 giant cockroaches
  16 goblins
  9 hobgoblins
  8 jackals
  7 quokkas
  9 ball pythons
  4 bats (D:3)
  3 frilled lizards
  16 kobolds
  7 rats
  A spectral orc (D:10)
336 creatures vanquished.

Vanquished Creatures (others)
  2 withered plants (D:6)
2 creatures vanquished.

Grand Total: 338 creatures vanquished
